 Dungeon Crawl Stone Soup version 0.29.1-12-g30fa7ad0bf (webtiles) character file.

Game seed: 165080649356043266

5830 suipiss the Reanimator (level 10, -2/63 HPs)
             Began as a Demonspawn Necromancer on Jan 12, 2023.
             Was a Believer of Vehumet.
             Slain by an orc warrior
             ... wielding a +0 trident
              (17 damage)
             ... on level 9 of the Dungeon.
             The game lasted 00:28:42 (11538 turns).

suipiss the Reanimator (Demonspawn Necromancer)    Turns: 11538, Time: 00:28:43

Health: -2/63      AC:  8    Str: 10    XL:     10   Next: 51%
Magic:  15/22      EV: 12    Int: 32    God:    Vehumet [**....]
Gold:   41         SH:  0    Dex: 13    Spells: 13/26 levels left

rFire   . . .      SeeInvis .   w - +2 falchion (flame)
rCold   . . .      Faith    +   (no shield)
rNeg    . . .      Spirit   .   a - +0 robe
rPois   .          Reflect  .   (helmet restricted)
rElec   .          Harm     .   (no cloak)
rCorr   .          Rampage  .   g - +2 pair of gloves
Will    .....                   t - +0 pair of boots
Stlth   ++........              i - amulet of faith
HPRegen 0.20/turn               q - +6 ring of intelligence
MPRegen 0.18/turn               n - ring "Melyf" {Int+6 Slay+3}

@: mighty, invisible
A: horns 2, powered by death 1, powered by pain 2, sharp scales 2
a: Renounce Religion


You were on level 9 of the Dungeon.
You worshipped Vehumet.
Vehumet was pleased with you.
You visited 1 branch of the dungeon, and saw 11 of its levels.
You also visited: Bailey.

You collected 597 gold pieces.
You spent 556 gold pieces at shops.

Inventory:

Hand Weapons
 l - a +0 flail of flaming
 w - a +2 falchion of flaming (weapon)
Armour
 a - a +0 robe (worn)
 g - a +2 pair of gloves (worn)
 k - a +0 buckler
 t - a +0 pair of boots (worn)
Magical Staves
 c - a staff of fire
 f - a staff of poison
Jewellery
 i - an amulet of faith (around neck)
 n - the ring "Melyf" (right hand) {Int+6 Slay+3}
   (You bought it in a shop on level 3 of the Dungeon)

   [ring of intelligence]

   Int:       It affects your intelligence (+6).
   Slay:      It affects your accuracy & damage with ranged weapons and melee
   (+3).
 q - a +6 ring of intelligence (left hand)
 y - a ring of protection from fire
Wands
 x - a wand of paralysis (3)
Scrolls
 e - 2 scrolls of amnesia
 h - 2 scrolls of teleportation
 u - 4 scrolls of brand weapon
 z - a scroll of blinking
Potions
 b - a potion of magic
 d - 3 potions of curing
 j - 2 potions of lignification
 m - a potion of flight {unknown}
 p - 3 potions of brilliance
 r - a potion of degeneration {unknown}
 s - a potion of haste {unknown}
 v - a potion of berserk rage {unknown}


   Skills:
 - Level 1.7 Dodging
 - Level 1.7 Stealth
 * Level 8.8 Spellcasting
 - Level 4.0 Summonings
 * Level 11.1 Necromancy
 * Level 7.1 Ice Magic


You had 13 spell levels left.
You knew the following spells:

 Your Spells              Type           Power      Damage    Failure   Level
a - Necrotise             Necr           100%       1d9       1%          1
b - Vampiric Draining     Necr           71%        2d11      1%          3
c - Agony                 Necr           71%        N/A       1%          5
d - Searing Ray           Conj           28%        2d5       5%          2
e - Blink                 Tloc           28%        N/A       5%          2

Your spell library contained the following spells:

 Spells                   Type           Power      Damage    Failure   Level
 Mephitic Cloud           Conj/Pois/Air  14%        N/A       11%         3
 Ozocubu's Armour         Ice            56%        N/A       1%          3
 Animate Dead             Necr           71%        N/A       1%          4
 Slow                     Hex            56%        N/A       3%          1
 Sting                    Tmut/Pois      56%        1d5       3%          1
 Poisonous Vapours        Pois/Air       28%        N/A       5%          2
 Corpse Rot               Necr/Pois/Air  37%        N/A       8%          4
 Confusing Touch          Hex            14%        N/A       11%         3
 Olgreb's Toxic Radiance  Pois           14%        N/A       34%         4
 Manifold Assault         Tloc           14%        N/A       67%         5
 Ozocubu's Refrigeration  Ice            28%        4d13      83%         7
 Borgnjor's Revivificati  Necr           35%        N/A       94%         8
 Storm Form               Tmut/Air       7%         N/A       100%        7
 Necromutation            Tmut/Necr      24%        N/A       100%        8
 Death's Door             Necr           35%        N/A       100%        9


Dungeon Overview and Level Annotations

Branches:
Dungeon (11/15)            Temple (0/1) D:7            Lair (0/5) D:8
 Bailey (visited)
    Orc: D:9-12

Altars:
Ashenzari
Cheibriados
Gozag
Makhleb
Nemelex Xobeh
Ru
Trog
Vehumet
Yredelemnul

Shops:
D:3 =

Annotations:
D:4 3 runed translucent doors, growler's ghost, amateur DsWn


Innate Abilities, Weirdness & Mutations

You have a pair of horns on your head.
You regenerate a little health from kills.
You sometimes gain power by taking damage.
You are mostly covered in razor-sharp scales. (AC +2, Slay +2)


Message History

Confirm with . or Enter, or press ? or * to list all spells.
Aiming: Vampiric Draining (safe; 1% risk of failure)
Press: ? - help, Shift-Dir - straight line, f/p - yak
Aim: a yak (severely wounded, unable to see you)
You draw life force from the yak!
You kill the yak!
Vehumet accepts your kill.
You feel your power returning.
You feel life coursing into your body! The orc warrior barely misses you.
The yak closely misses you.
You slice the yak!! You burn the yak.
The yak is heavily wounded.
The yak gores you! The yak barely misses you.
You slash the yak! You burn the yak.
The yak is almost dead.
The yak gores you.
You slash the yak! You burn the yak.
You kill the yak!
Vehumet accepts your kill.
Vehumet offers you knowledge of Mephitic Cloud.
You feel your power returning.
You slash the troll! You burn the troll. Your headbutt misses the troll.
The troll is heavily wounded.
You hear a shout!
An orc comes into view. It is wielding a +0 flail.
The troll barely misses you. The troll claws you. The troll closely misses you.
The troll bites you! The troll closely misses you. x2
The orc moves out of view.
The orc priest shouts!
Casting: Vampiric Draining (safe; 1% risk of failure)
Confirm with . or Enter, or press ? or * to list all spells.
Aiming: Vampiric Draining (safe; 1% risk of failure)
Press: ? - help, Shift-Dir - straight line, f - troll
Aim: a troll (heavily wounded, unable to see you)
You draw life force from the troll!
You feel life coursing into your body.
You hear a shout!
The orc priest mumbles some strange prayers to Beogh against you.
Beogh smites you!
* * * LOW HITPOINT WARNING * * *
The orc warrior hits you from afar with a +0 trident!
You die...

#...#####..~.~~~.........o#######
#...# #...~~~~~..####...# #...#
#...≈~~~≈..# #...#
#...#####...~~~≈~..####o..####
.............~~~~.......l......
##########........T.########### #
#..(....o.l######
##########..#..###oo......
................@TY.......
.###########..#########... .#
#..###### .# .###########........
. ....................
.)..................
.#############...... .# .<.... .#
......


You could see a yak (unable to see you), a troll (unable to see you), an orc
warrior (unable to see you), a wyvern (wandering, unable to see you) and an orc
priest (unable to see you).

Vanquished Creatures
  A two-headed ogre (D:9)
  A manticore (D:11)
  9 yaks
  A water moccasin (D:5)
  3 ice beasts
  2 sky beasts
  7 orc warriors (Bailey)
  2 black bears
  An ogre (D:6)
  A wolf (D:9)
  2 centaurs
  A phantom (D:6)
  A lemure (D:9)
  A kobold brigand (D:4)
  3 bullfrogs
  A necrophage (D:6)
  2 scorpions
  6 killer bees (D:7)
  An electric eel (D:9)
  A howler monkey (D:4)
  3 jellies (D:6)
  7 orc priests
  2 hounds
  3 iguanas
  Ijyb (D:3)
  11 orc wizards
  Terence (D:2)
  Robin (D:3)
  7 adders
  A shadow imp (D:7)
  A white imp (D:7)
  2 ufetubi
  A dart slug (D:3)
  43 orcs
  8 endoplasms
  4 giant cockroaches
  18 goblins
  5 hobgoblins
  A kobold (D:3)
  4 quokkas
  8 ball pythons
  5 bats
  3 frilled lizards
  4 rats
191 creatures vanquished.

Vanquished Creatures (collateral kills)
  An orc (D:2)
  A rat (D:2)
2 creatures vanquished.

Vanquished Creatures (others)
  A fungus (D:4)
  3 plants (D:4)
4 creatures vanquished.

Grand Total: 197 creatures vanquished

Notes
Turn   | Place    | Note
-------+----------+-------------------------------------------
     0 | D:1      | suipiss the Demonspawn Necromancer began the quest for the
                  | Orb.
     0 | D:1      | Reached XP level 1. HP: 13/13 MP: 3/3
   572 | D:1      | Gained mutation: You have a pair of small horns on your
                  | head. [demonic ancestry]
   572 | D:1      | Reached XP level 2. HP: 10/19 MP: 3/5
  1562 | D:2      | Noticed Terence
  1566 | D:2      | Killed Terence
  1567 | D:2      | Reached skill level 5 in Necromancy
  1567 | D:2      | Reached XP level 3. HP: 15/24 MP: 1/7
  1944 | D:2      | Gained mutation: You regenerate a little health from kills.
                  | [demonic ancestry]
  1944 | D:2      | Reached XP level 4. HP: 20/30 MP: 4/8
  2045 | D:2      | Learned a level 3 spell: Vampiric Draining
  2476 | D:2      | Identified a scroll of acquirement
  2476 | D:2      | Acquired a Necronomicon
  3019 | D:3      | Noticed Ijyb
  3226 | D:3      | Killed Ijyb
  3227 | D:3      | Gained mutation: You are partially covered in razor-sharp
                  | scales. (AC +1, Slay +1) [demonic ancestry]
  3227 | D:3      | Reached XP level 5. HP: 35/35 MP: 1/10
  3342 | D:3      | Reached skill level 6 in Necromancy
  3402 | D:3      | Found a burning altar of Makhleb.
  3402 | D:3      | Noticed a balrug
  3405 | D:3      | Noticed an orange demon
  3405 | D:3      | Noticed a smoke demon
  3487 | D:3      | Noticed Robin
  3491 | D:3      | Killed Robin
  3630 | D:3      | Found Piopumee's Jewellery Boutique.
  3660 | D:3      | Found a faded altar of an unknown god.
  3736 | D:3      | Found a snail-covered altar of Cheibriados.
  3778 | D:3      | Learned a level 5 spell: Agony
  4142 | D:4      | Found a bloodstained altar of Trog.
  4227 | D:4      | Gained mutation: You are mostly covered in razor-sharp
                  | scales. (AC +2, Slay +2) [demonic ancestry]
  4227 | D:4      | Reached XP level 6. HP: 36/41 MP: 3/12
  4420 | D:4      | Found a sparkling altar of Nemelex Xobeh.
  4618 | D:4      | Found a runed translucent gate.
  4618 | D:4      | Found a runed translucent gate.
  4618 | D:4      | Found a runed translucent gate.
  4621 | D:4      | Noticed growler's ghost (amateur DsWn)
  4906 | D:4      | Found a broken altar of Ashenzari.
  4906 | D:4      | Found a radiant altar of Vehumet.
  5108 | D:4      | Became a worshipper of Vehumet
  5147 | D:5      | Entered Level 5 of the Dungeon
  5210 | D:5      | Reached skill level 7 in Necromancy
  5533 | D:5      | Noticed a water moccasin
  5538 | D:5      | Noticed an ice beast
  5545 | D:5      | Killed a water moccasin
  5546 | D:5      | Reached skill level 5 in Spellcasting
  5546 | D:5      | Reached skill level 1 in Summonings
  5546 | D:5      | Reached skill level 1 in Ice Magic
  5546 | D:5      | Gained mutation: You sometimes gain a little power by
                  | taking damage. [demonic ancestry]
  5546 | D:5      | Reached XP level 7. HP: 29/46 MP: 4/14
  5887 | D:5      | Found an opulent altar of Gozag.
  6465 | D:6      | Reached XP level 8. HP: 52/52 MP: 16/16
  6561 | D:6      | Reached skill level 8 in Necromancy
  6875 | D:6      | Reached * piety under Vehumet
  6875 | D:6      | Offered knowledge of Shock by Vehumet.
  6995 | D:6      | Found a sacrificial altar of Ru.
  7400 | D:7      | Found a staircase to the Ecumenical Temple.
  7489 | D:7      | Found a flagged portal.
  7508 | Bailey   | Entered a bailey
  7653 | Bailey   | Gained mutation: You sometimes gain power by taking damage.
                  | [demonic ancestry]
  7653 | Bailey   | Reached XP level 9. HP: 22/57 MP: 17/19
  7872 | Bailey   | Reached skill level 9 in Necromancy
  8388 | Bailey   | Noticed an orc knight
  8388 | Bailey   | Noticed an orc knight
  8536 | D:7      | Found a basalt altar of Yredelemnul.
  8768 | D:7      | Reached skill level 5 in Ice Magic
  8802 | D:7      | Reached ** piety under Vehumet
  8802 | D:7      | Offered knowledge of Searing Ray by Vehumet.
  8957 | D:7      | Learned a level 2 spell: Searing Ray
  9509 | D:8      | Reached skill level 10 in Necromancy
  9533 | D:8      | Gained mutation: You have a pair of horns on your head.
                  | [demonic ancestry]
  9533 | D:8      | Reached XP level 10. HP: 40/63 MP: 4/22
  9713 | D:8      | Learned a level 2 spell: Blink
  9807 | D:8      | Found a staircase to the Lair.
 10006 | D:8      | You fall into a shaft and drop 3 floors!
 10021 | D:11     | Noticed a manticore
 10027 | D:11     | Killed a manticore
 10192 | D:10     | Entered Level 10 of the Dungeon
 10298 | D:9      | Noticed a two-headed ogre
 10526 | D:9      | Killed a two-headed ogre
 11052 | D:3      | Bought the ring "Melyf" {Int+6 Slay+3} for 556 gold pieces
 11506 | D:9      | Reached skill level 11 in Necromancy
 11536 | D:9      | Offered knowledge of Mephitic Cloud by Vehumet.
 11538 | D:9      | Slain by an orc warrior

Illustrated notes

Levels and vault maps discovered:
D:1:      amcnicky_arrival_double_pillar, layout_basic
D:2:      layout_basic, uniq_terence
D:3:      layout_loops_corners, makhleb_altar_promises_db,
          lemuel_coloured_pillars_altar, shapermc_ecumenical_altar_mp_highgroup,
          serial_shops, shop, uniq_ijyb, uniq_robin
D:4:      layout_loops_ring, minitemple, nemelex_dance_club_becter,
          gammafunk_ghost_nasty_kobolds, kennysheep_generic_room_11
D:5:      layout_loops_ring, grunt_gozag_breadcrumbs
D:6:      layout_basic, kennysheep_mini, grunt_tough_drop
D:7:      layout_loops_ring, amcnicky_altar_gilded, minmay_temple_entry_grid,
          enter_bailey_2, serial_bayou_crossing
D:8:      layout_loops_ring, lair_entry_dummy
D:9:      layout_long_grid, serial_ice, serial_ice_a, serial_ice_l,
          serial_ice_n, serial_ice_f, uniq_pikel
D:10:     layout_cave_pools, orc_0_dummy, serial_column_ruins, column_ruins_hut,
          column_ruins_square_medium, column_ruins_grid_1, column_ruins_grid_1,
          column_ruins_open_tiny, column_ruins_grid_2, minmay_protected_statue
D:11:     layout_roguey, chequers_decorated_corner

Skill      XL: |  1  2  3  4  5  6  7  8  9 10 |
---------------+-------------------------------+-----
Necromancy     | 5 6 7 8 10 11 | 11.1
Spellcasting   | 3 4 5 6 8 |  8.8
Summonings     | 1 2 4 |  4.0
Ice Magic      | 1 2 4 6 7 |  7.1
Dodging        | |  1.7
Stealth        | |  1.7

Action                   |  1- 3 |  4- 6 |  7- 9 | 10-12 || total
-------------------------+-------+-------+-------+-------++-------
Melee: Staff             |    29 |       |       |       ||    29
       Headbutt          |     3 |    22 |    33 |     7 ||    65
       Flail             |     7 |   130 |       |       ||   137
       Unarmed           |       |    11 |       |       ||    11
       Falchion          |       |    10 |   179 |    56 ||   245
       Punch             |       |     1 |       |       ||     1
 Cast: Necrotise         |    31 |    25 |    13 |     5 ||    74
       Vampiric Draining |       |    14 |    71 |    14 ||    99
       Agony             |       |       |       |     4 ||     4
       Searing Ray       |       |       |       |     1 ||     1
Evoke: Wand              |       |       |    23 |     4 ||    27
  Use: Scroll            |       |     5 |    10 |     6 ||    21
       Potion            |       |       |     8 |     2 ||    10
 Stab: Sleeping          |     4 |     5 |     1 |     1 ||    11
       Paralysed         |       |       |     6 |       ||     6
Armor: Robe              |    14 |    57 |    82 |    31 ||   184
       Skin              |       |       |    25 |       ||    25
Dodge: Dodged            |    34 |   104 |   183 |    64 ||   385
